 Dungeon Crawl Stone Soup version 0.28.0-45-g0d030f2227 (webtiles) character file.

Game seed: 12215061514276591095

106528 nickcage the Scorcher (level 15, -3/100 HPs)
             Began as a Demonspawn Fire Elementalist on Apr 1, 2022.
             Was the Champion of Vehumet.
             Slain by a freezing wraith (33 damage)
             ... led by a death knight
             ... on level 15 of the Dungeon on Apr 4, 2022.
             The game lasted 03:37:40 (35607 turns).

nickcage the Scorcher (DsFE)                       Turns: 35607, Time: 03:37:41

Health: -3/100     AC: 14    Str: 13    XL:     15   Next: 97%
Magic:  18/34      EV: 13    Int: 23    God:    Vehumet [******]
Gold:   2500       SH:  0    Dex: 14    Spells: 4/45 levels left

rFire   + . .      SeeInvis +   H - +10 great mace of a Million Underlurkers {elec, Will+ Str+4}
rCold   x . .      Faith    .   (shield currently unavailable)
rNeg    . . .      Spirit   .   M - +2 robe {Archmagi}
rPois   .          Reflect  .   (helmet unavailable)
rElec   .          Harm     .   A - +2 cloak
rCorr   .          Rampage  .   K - +2 pair of gloves
Will    ++...      Archmagi +   C - +0 pair of boots
Stlth   ++........              T - amulet of regeneration
HPRegen 1.06/turn               x - ring of flight
MPRegen 0.24/turn               q - ring of fire

@: flying
A: antennae 3, icy blue scales 2, demonic guardian 1, foul stench 2, bedeviling
a: Renounce Religion


You were on level 15 of the Dungeon.
You worshipped Vehumet.
Vehumet was exalted by your worship.
You visited 4 branches of the dungeon, and saw 24 of its levels.
You also visited: Volcano.

You collected 2500 gold pieces.

Inventory:

Hand Weapons
 g - a +2 whip of electrocution
 j - the +8 mace "Kille" {drain, rF+ rC- Will+}
   (You found it on level 3 of the Dungeon)

   A truly terrible weapon, it drains the life of any living foe it strikes.
   rF:        It protects you from fire.
   rC:        It makes you vulnerable to cold.
   Will:      It increases your willpower.
 H - the +10 great mace of a Million Underlurkers (weapon) {elec, Will+ Str+4}
   (You found it on level 5 of the Lair of Beasts)

   It occasionally discharges a powerful burst of electricity upon striking a
   foe.
   Str:       It affects your strength (+4).
   Will:      It increases your willpower.
Armour
 a - a +2 robe of resistance
 p - the +3 pair of seven-league boots {Rampage+∞}
   (You found it on level 2 of the Lair of Beasts)

   Its wearer moves as far as possible in that direction when moving towards
   enemies.
 A - a +2 cloak (worn)
 C - a +0 pair of boots (worn)
 K - a +2 pair of gloves (worn)
 M - a +2 robe of the Archmagi (worn)
 V - a +1 pair of boots of flying
 Z - a +0 buckler
Magical Staves
 r - a staff of conjuration
 O - a staff of air
Jewellery
 e - a ring of protection from fire
 q - a ring of fire (right hand)
 x - a ring of flight (left hand)
 B - a ring of resist corrosion
 I - a ring of positive energy
 S - a ring of poison resistance
 T - an amulet of regeneration (around neck)
 U - an amulet of the acrobat
Wands
 t - a wand of iceblast (11)
 y - a wand of flame (6)
 z - a wand of digging (20)
 D - a wand of paralysis (7)
 N - a wand of acid (3)
Scrolls
 b - a scroll of amnesia
 c - 6 scrolls of identify
 m - 10 scrolls of teleportation
 s - 2 scrolls of enchant weapon
 u - 4 scrolls of fog
 F - 2 scrolls of blinking
 J - 3 scrolls of fear
 W - a scroll of silence
 X - a scroll of enchant armour
Potions
 d - 2 potions of berserk rage
 f - 3 potions of magic
 h - 2 potions of ambrosia
 i - a potion of cancellation
 k - 5 potions of heal wounds
 n - 6 potions of curing
 o - 4 potions of mutation
 w - 3 potions of resistance
 G - 3 potions of might
 P - a potion of lignification
 R - 4 potions of haste
 Y - a potion of invisibility {unknown}
Miscellaneous
 Q - a phial of floods


   Skills:
 - Level 4.0 Fighting
 - Level 4.4 Dodging
 - Level 1.8 Stealth
 + Level 15.9 Spellcasting
 + Level 11.9 Conjurations
 - Level 0.4 Translocations
 + Level 17.5 Fire Magic
 - Level 4.0 Earth Magic
 - Level 1.0 Poison Magic


You had 4 spell levels left.
You knew the following spells:

 Your Spells              Type           Power      Damage    Failure   Level
a - Ignition              Fire           61%        3d16      4%          8
b - Scorch                Fire           100%       2d10      0%          2
e - Flame Wave            Conj/Fire      100%       2d17      1%          4
f - Fireball              Conj/Fire      57%        3d22      1%          5
g - Sticky Flame          Conj/Fire      100%       2d11      1%          4
h - Poisonous Vapours     Pois/Air       62%        N/A       1%          2
i - Starburst             Conj/Fire      57%        6d15      1%          6
j - Iskenderun's Mystic   Conj/Tloc      63%        2d13      1%          4
k - Iron Shot             Conj/Erth      35%        9d7       4%          6

Your spell library contained the following spells:

 Spells                   Type           Power      Damage    Failure   Level
 Irradiate                Conj/Tmut      31%        3d24      2%          5
 Foxfire                  Conj/Fire      100%       2x1d9     0%          1
 Magic Dart               Conj           100%       1d8       0%          1
 Conjure Flame            Conj/Fire      100%       6-21      0%          3
 Passwall                 Tmut/Erth      34%        N/A       1%          2
 Searing Ray              Conj           100%       2d8       1%          2
 Ignite Poison            Fire/Tmut/Pois 81%        N/A       1%          3
 Inner Flame              Hex/Fire       100%       N/A       1%          3
 Fulminant Prism          Conj/Hex       40%        3d20      1%          4
 Apportation              Tloc           60%        N/A       2%          1
 Frozen Ramparts          Ice            54%        1d7       2%          3
 Animate Skeleton         Necr           54%        N/A       3%          1
 Pain                     Necr           100%       1d9       3%          1
 Summon Small Mammal      Summ           100%       N/A       3%          1
 Ensorcelled Hibernation  Hex/Ice        82%        N/A       4%          2
 Gell's Gravitas          Tloc           30%        N/A       8%          3
 Teleport Other           Tloc           30%        N/A       8%          3
 Portal Projectile        Hex/Tloc       86%        N/A       9%          3
 Ozocubu's Armour         Ice            27%        N/A       10%         3
 Swiftness                Air            27%        N/A       10%         3
 Petrify                  Tmut/Erth      41%        N/A       13%         4
 Ice Form                 Ice/Tmut       27%        N/A       30%         4
 Summon Ice Beast         Ice/Summ       27%        N/A       30%         4
 Iskenderun's Battlesphe  Conj           84%        2d13      1%          5
 Lightning Bolt           Conj/Air       31%        1d48      2%          5
 Spellforged Servitor     Conj/Summ      31%        N/A       47%         7
 Agony                    Necr           27%        N/A       65%         5
 Blade Hands              Tmut           13%        N/A       65%         5
 Excruciating Wounds      Necr           13%        N/A       65%         5
 Metabolic Englaciation   Hex/Ice        20%        N/A       65%         5
 Statue Form              Tmut/Erth      27%        N/A       90%         6
 Dispersal                Tloc           15%        N/A       99%         6
 Simulacrum               Ice/Necr       13%        N/A       99%         6


Dungeon Overview and Level Annotations

Branches:
Dungeon (15/15)            Temple (1/1) D:5            Lair (6/6) D:8
  Swamp (0/4) Lair:3        Snake (0/4) Lair:2        Slime (0/5) Lair:5
    Orc (2/2) D:12         Vaults (0/5) D:13        Volcano (visited)
    Elf: Orc:2       Depths: D:15

Altars:
Ashenzari
Cheibriados
Dithmenos
Elyvilon
Fedhas
Gozag
Hepliaklqana
Kikubaaqudgha
Makhleb
Nemelex Xobeh
Okawaru
Qazlal
Ru
Sif Muna
Trog
Uskayaw
Vehumet
Wu Jian
Xom
Yredelemnul
Zin
The Shining One

Shops:
D:6 :**   Orc:2 [(

Annotations:
Orc:2 Donald


Innate Abilities, Weirdness & Mutations

You have a pair of large antennae on your head. (SInv)
You are mostly covered in icy blue scales. (AC +3)
A weak demonic guardian rushes to your aid.
You sometimes emit foul miasma when damaged in melee.
Your hexes are more powerful.


Message History

You feel your power returning.
The death knight reflects your damage back at you!
Casting: Fireball (safe; 1% risk of failure)
Confirm with . or Enter, or press ? or * to list all spells.
Okay, then.
Press: ? - help, v - describe, . - travel
Here: a death knight, wielding a +4 broad axe and wearing a +0 chain mail (heavily wounded, reflecting injuries)
The floor.
Casting: Fireball (safe; 1% risk of failure)
Confirm with . or Enter, or press ? or * to list all spells.
Aiming: Fireball (safe; 1% risk of failure)
Press: ? - help, Shift-Dir - straight line You feel a strong surge of power!
The fireball explodes!
The fireball engulfs the death knight!
The death knight is severely wounded.
The death knight reflects your damage back at you!
You hear a horrible gurgling sound! x2
The death knight hits you with a +4 broad axe!
Casting: Fireball (safe; 1% risk of failure)
Confirm with . or Enter, or press ? or * to list all spells.
Aiming: Iron Shot (dangerous; 5% risk of failure)
Press: ? - help, Shift-Dir - straight line, f - death knight
Aim: a death knight, wielding a +4 broad axe and wearing a +0 chain mail (severely wounded, reflecting injuries, 74% to hit)
You feel a surge of power!
The iron shot misses the death knight.
The iron shot misses the freezing wraith.
The death knight hits you with a +4 broad axe!!
Casting: Iron Shot (dangerous; 5% risk of failure)
Confirm with . or Enter, or press ? or * to list all spells.
Aiming: Fireball (safe; 1% risk of failure)
Press: ? - help, Shift-Dir - straight line, p - death knight You feel a strong surge of power!
The fireball explodes!
The fireball engulfs the death knight!!!
You kill the death knight!
Vehumet accepts your kill.
You feel your power returning.
Your damage is reflected back at you!
Your Earth Magic skill increases to level 4!
The freezing wraith hits you!
* * * LOW HITPOINT WARNING * * *
The freezing wraith freezes you!!
You feel a terrible chill!
You die...

#... +...
###... .
......#######..
...............
...............
........W.../..
.......@.W)..(.
#...#####.....(
# ..... ....
... .. .


You could see 2 freezing wraiths.

Vanquished Creatures
  Frances (D:13)
  Kirke (Lair:5)
  An orc warlord (Orc:1)
  Nessos (D:13)
  2 dire elephants (Lair:6)
  Snorg (D:13)
  3 boulder beetles
  11 hydras
  2 centaur warriors (D:14)
  Erica (D:9)
  Harold (D:7)
  An ogre mage (D:13)
  2 catoblepae
  A death knight (D:15)
  10 two-headed ogres
  An alligator (Lair:6)
  12 death yaks
  5 orc high priests
  A skeletal warrior (D:15)
  A sea snake (shapeshifter) (D:14)
  A flayed ghost (D:9)
  A deep elf archer (Orc:1)
  An orc knight (Orc:2)
  6 lindwurms
  5 deep elf pyromancers
  2 orc sorcerers
  5 cyclopes
  4 manticores
  A spectral centaur (D:10)
  7 ugly things
  3 black mambas
  6 elephants
  12 cane toads
  2 torpor snails
  2 smoke demons (Volcano)
  3 gargoyles
  2 rime drakes
  A freezing wraith (D:15)
  9 komodo dragons
  An unseen horror (D:13)
  6 kobold demonologists
  2 efreet
  5 yaktaurs (D:13)
  2 tengu conjurers (D:14)
  5 trolls
  A hornet (D:7)
  11 polar bears
  A tyrant leech (Lair:3)
  A raiju (Lair:6)
  15 blink frogs
  4 slime creatures (D:14)
  13 dream sheep (Lair:6)
  2 vampires
  66 yaks
  3 shadows (D:9)
  7 wraiths
  7 basilisks
  5 hogs (Lair:5)
  A steam dragon (Volcano)
  3 fire bats (D:9)
  6 wyverns
  4 vampire mosquitoes
  Menkaure (D:6)
  13 wargs
  Edmund (D:6)
  A swamp worm (shapeshifter) (D:14)
  A swamp worm (Lair:3)
  9 water moccasins
  16 hell hounds
  Duvessa (D:4)
  13 orc warriors
  An elephant zombie (Lair:3)
  13 black bears
  A necrophage (D:4)
  3 boggarts (D:14)
  31 wolves
  5 ogres
  5 centaurs
  A lemure (D:6)
  A phantom (D:6)
  A komodo dragon zombie (Lair:3)
  2 kobold brigands
  12 bullfrogs
  A water moccasin zombie (D:5)
  3 scorpions
  Dowan (D:4)
  6 killer bees (D:8)
  3 wights (D:8)
  3 electric eels
  7 howler monkeys
  A jelly (D:6)
  3 bullfrog zombies
  5 hounds
  A basilisk zombie (Lair:3)
  4 centaur zombies
  Crazy Yiuf (D:7)
  24 orc priests
  A gnoll shaman (D:6)
  2 iguanas (D:6)
  10 orc wizards
  2 centaur skeletons (D:10)
  A hound zombie (D:5)
  A hound skeleton (D:4)
  2 howler monkey zombies (D:10)
  A gnoll (D:2)
  5 adders
  A white imp (D:6)
  An ufetubus (D:7)
  A worm (D:2)
  A dart slug (D:4)
  65 orcs
  9 ball pythons
  9 endoplasms
  6 giant cockroaches
  9 hobgoblins
  13 kobolds
  3 quokkas
  15 bats
  4 frilled lizards
  3 goblins
  11 rats
  A bush (Lair:1)
675 creatures vanquished.

Vanquished Creatures (collateral kills)
  A fire dragon (Volcano)
  A centaur zombie (D:10)
  A komodo dragon (Lair:2)
  3 yaks
  A basilisk (Lair:1)
  A killer bee zombie (D:6)
8 creatures vanquished.

Vanquished Creatures (others)
  A human (Lair:5)
  A water moccasin (Lair:5)
  3 bushes (Lair:1)
  28 foxfires
  37 fungi
  67 plants
137 creatures vanquished.

Grand Total: 820 creatures vanquished

Notes
Turn   | Place    | Note
-------+----------+-------------------------------------------
     0 | D:1      | nickcage the Demonspawn Fire Elementalist began the quest
                  | for the Orb.
     0 | D:1      | Reached XP level 1. HP: 13/13 MP: 3/3
    93 | D:1      | Reached skill level 3 in Fire Magic
   212 | D:1      | Gained mutation: You are partially covered in icy blue
                  | scales. (AC +2) [demonic ancestry]
   212 | D:1      | Reached XP level 2. HP: 7/19 MP: 0/5
   422 | D:1      | Learned a level 2 spell: Scorch
  1270 | D:2      | Reached XP level 3. HP: 5/24 MP: 1/6
  1284 | D:2      | Reached skill level 4 in Fire Magic
  2298 | D:2      | Reached XP level 4. HP: 30/30 MP: 2/7
  3002 | D:3      | Identified the +8 mace "Kille" {drain, rF+ rC- Will+}
  3655 | D:4      | Noticed a bullfrog
  3657 | D:4      | Killed a bullfrog
  3658 | D:4      | Reached skill level 5 in Fire Magic
  3658 | D:4      | Reached XP level 5. HP: 35/35 MP: 3/8
  3803 | D:4      | Noticed Duvessa
  3827 | D:4      | Killed Duvessa
  3828 | D:4      | Reached skill level 6 in Fire Magic
  3846 | D:4      | Noticed Dowan
  3854 | D:4      | Killed Dowan
  3855 | D:4      | Reached XP level 6. HP: 25/41 MP: 1/9
  4114 | D:4      | Identified the +5 ring mail "Roegh" {Int+2}
  4161 | D:4      | Reached skill level 7 in Fire Magic
  4695 | D:4      | Gained mutation: A weak demonic guardian rushes to your
                  | aid. [demonic ancestry]
  4695 | D:4      | Reached XP level 7. HP: 41/46 MP: 1/10
  5205 | D:4      | Learned a level 1 spell: Magic Dart
  5228 | D:5      | Entered Level 5 of the Dungeon
  5269 | D:5      | Reached skill level 8 in Fire Magic
  5800 | D:5      | Found a staircase to the Ecumenical Temple.
  5827 | Temple   | Entered the Ecumenical Temple
  6275 | Temple   | Became a worshipper of Vehumet
  6871 | D:6      | Found Yxkok's Self-Improvement Boutique.
  6882 | D:6      | Learned a level 2 spell: Searing Ray
  6883 | D:6      | Noticed Edmund
  7143 | D:6      | Gained mutation: You may rarely emit foul miasma when
                  | damaged in melee. [demonic ancestry]
  7143 | D:6      | Reached XP level 8. HP: 52/52 MP: 6/12
  7674 | D:6      | Learned a level 4 spell: Flame Wave
  7680 | D:6      | Learned a level 5 spell: Fireball
  8288 | D:6      | Found Cynub's Specific Store.
  8291 | D:6      | Found Giutwar's General Store.
  8864 | D:6      | Found a shimmering altar of Xom.
  8864 | D:6      | Found a shimmering altar of Xom.
  8869 | D:6      | Found a shimmering altar of Xom.
  8869 | D:6      | Found a shimmering altar of Xom.
  8870 | D:6      | Found a shimmering altar of Xom.
  8871 | D:6      | Found a shimmering altar of Xom.
  8925 | D:6      | Killed Edmund
  8925 | D:6      | Noticed Menkaure
  9249 | D:6      | Reached skill level 5 in Spellcasting
  9370 | D:6      | Killed Menkaure
  9587 | D:7      | Noticed Harold
  9588 | D:7      | Reached skill level 9 in Fire Magic
  9588 | D:7      | Gained mutation: You have a pair of small antennae on your
                  | head. [demonic ancestry]
  9588 | D:7      | Reached XP level 9. HP: 57/57 MP: 1/16
  9994 | D:7      | Found a runed translucent door.
  9995 | D:7      | Noticed Crazy Yiuf
 10002 | D:7      | Killed Crazy Yiuf
 10003 | D:7      | Reached skill level 5 in Conjurations
 10465 | D:7      | Killed Harold
 10466 | D:7      | Reached skill level 10 in Fire Magic
 11442 | D:8      | Reached * piety under Vehumet
 11442 | D:8      | Offered knowledge of Shock by Vehumet.
 11730 | D:8      | Found a staircase to the Lair.
 12275 | D:9      | Gained mutation: You are mostly covered in icy blue scales.
                  | (AC +3) [demonic ancestry]
 12275 | D:9      | Reached XP level 10. HP: 64/64 MP: 7/19
 12416 | D:9      | Reached skill level 1 in Fighting
 12887 | D:9      | Upgraded the game from 0.28.0-43-g3370ac3207 to
                  | 0.28.0-45-g0d030f2227
 13019 | D:9      | Reached skill level 11 in Fire Magic
 13585 | D:9      | Noticed Erica
 13600 | D:9      | Killed Erica
 13765 | D:9      | Found a runed translucent door.
 13858 | D:9      | Found a blossoming altar of Fedhas.
 13866 | D:9      | Found an ancient bone altar of Kikubaaqudgha.
 14019 | D:9      | Learned a level 4 spell: Sticky Flame
 14029 | D:9      | Noticed a flayed ghost
 14030 | D:9      | Found a broken altar of Ashenzari.
 14115 | D:9      | Found a bloodstained altar of Trog.
 14124 | D:9      | Found a sacrificial altar of Ru.
 14153 | D:9      | Reached ** piety under Vehumet
 14153 | D:9      | Offered knowledge of Poisonous Vapours by Vehumet.
 14215 | D:9      | Reached skill level 12 in Fire Magic
 14350 | D:9      | Found a snail-covered altar of Cheibriados.
 14489 | D:10     | Entered Level 10 of the Dungeon
 14625 | D:10     | Gained mutation: You have a pair of antennae on your head.
                  | [demonic ancestry]
 14625 | D:10     | Reached XP level 11. HP: 77/77 MP: 6/21
 16248 | D:11     | Noticed a two-headed ogre
 16381 | D:11     | Noticed a two-headed ogre
 16700 | D:11     | Killed a two-headed ogre
 16704 | D:11     | Learned a level 2 spell: Poisonous Vapours
 16788 | D:11     | Learned a level 6 spell: Starburst
 16801 | D:11     | Noticed a deep elf pyromancer
 16809 | D:11     | Killed a deep elf pyromancer
 16929 | D:11     | Killed a two-headed ogre
 17119 | D:11     | Offered knowledge of Static Discharge by Vehumet.
 17120 | D:11     | Reached skill level 1 in Poison Magic
 17280 | D:11     | Reached skill level 13 in Fire Magic
 17731 | Lair:1   | Entered Level 1 of the Lair of Beasts
 17759 | Lair:1   | Gained mutation: You sometimes emit foul miasma when
                  | damaged in melee. [demonic ancestry]
 17759 | Lair:1   | Reached XP level 12. HP: 16/83 MP: 15/25
 17761 | Lair:1   | HP: 2/83 [cane toad (15)]
 18165 | Lair:1   | Reached *** piety under Vehumet
 18360 | Lair:1   | Noticed a four-headed hydra
 18367 | Lair:1   | Killed a four-headed hydra
 18520 | Lair:1   | Noticed a four-headed hydra
 18577 | Lair:1   | Killed a four-headed hydra
 18776 | Lair:1   | Noticed a catoblepas
 18943 | D:12     | Noticed a two-headed ogre
 18945 | D:12     | Killed a two-headed ogre
 19181 | D:12     | Noticed a four-headed hydra
 19186 | D:12     | Killed a four-headed hydra
 19187 | D:12     | Reached skill level 10 in Spellcasting
 19254 | D:12     | Noticed a boulder beetle
 19265 | D:12     | Killed a boulder beetle
 19356 | D:12     | Offered knowledge of Iskenderun's Mystic Blast by Vehumet.
 19362 | D:12     | Learned a level 4 spell: Iskenderun's Mystic Blast
 19732 | D:12     | Found a staircase to the Orcish Mines.
 20357 | D:9      | Identified the +14 plate armour of the Prince of Darkness
                  | {rF+ Dex+2 SInv}
 20465 | Orc:1    | Entered Level 1 of the Orcish Mines
 20519 | Orc:1    | Reached skill level 14 in Fire Magic
 20768 | Orc:1    | Identified the +9 scimitar of Supply {antimagic, Fly rPois}
 20923 | Orc:1    | Found a dark tunnel.
 20960 | Volcano  | Entered a volcano
 21118 | Volcano  | Reached **** piety under Vehumet
 21251 | Volcano  | Gained mutation: You have a pair of large antennae on your
                  | head. (SInv) [demonic ancestry]
 21251 | Volcano  | Reached XP level 13. HP: 87/88 MP: 19/27
 21485 | Volcano  | Learned a level 3 spell: Frozen Ramparts
 21573 | Volcano  | Noticed a fire dragon
 21598 | Volcano  | Killed a fire dragon
 21599 | Volcano  | Reached skill level 10 in Conjurations
 22152 | Orc:1    | Offered knowledge of Lightning Bolt by Vehumet.
 22266 | Orc:1    | Noticed an orc warlord
 22339 | Orc:1    | Killed an orc warlord
 22682 | Orc:2    | Entered Level 2 of the Orcish Mines
 23050 | Orc:2    | Learned a level 5 spell: Lightning Bolt
 23127 | Orc:2    | Reached ***** piety under Vehumet
 23128 | Orc:2    | Offered knowledge of Yara's Violent Unravelling by Vehumet.
 23954 | Orc:2    | Found Muonug's Antique Armour Shop.
 23954 | Orc:2    | Found Cuilitwa's Antique Weapon Shoppe.
 24009 | Orc:2    | Noticed Donald
 24973 | Lair:2   | Reached skill level 15 in Fire Magic
 25575 | Lair:2   | Found a staircase to the Snake Pit.
 25586 | Lair:2   | Reached XP level 14. HP: 95/95 MP: 11/30
 25764 | Lair:2   | Found the +3 pair of seven-league boots {Rampage+∞}
 27258 | Lair:3   | Identified the +0 leather armour of Eternal Vigilance {rC-
                  | rN+ Regen+}
 27447 | Lair:3   | Found a staircase to the Swamp.
 28490 | Lair:4   | Reached skill level 16 in Fire Magic
 28864 | Lair:5   | Noticed Kirke
 28871 | Lair:5   | Killed Kirke
 28976 | Lair:5   | Identified the +0 pair of gloves "Ocsazxae" {rC- Dex+3
                  | Slay+2}
 29424 | Lair:5   | Found a staircase to the Slime Pits.
 29544 | Lair:5   | Identified the +10 great mace of a Million Underlurkers
                  | {elec, Will+ Str+4}
 29568 | Lair:6   | Entered Level 6 of the Lair of Beasts
 29819 | Lair:5   | Learned a level 6 spell: Iron Shot
 30039 | Lair:5   | Reached ****** piety under Vehumet
 30267 | Lair:6   | Offered knowledge of Freezing Cloud by Vehumet.
 30941 | Lair:6   | Gained mutation: Your hexes are more powerful. [demonic
                  | ancestry]
 30941 | Lair:6   | Reached XP level 15. HP: 100/100 MP: 24/33
 31581 | Lair:6   | Reached skill level 15 in Spellcasting
 31708 | Lair:6   | Learned a level 8 spell: Ignition
 31834 | Lair:6   | Offered knowledge of Ozocubu's Refrigeration by Vehumet.
 31836 | Lair:6   | Reached skill level 17 in Fire Magic
 31846 | Lair:6   | Reached skill level 1 in Earth Magic
 33330 | D:13     | Found a gate to the Vaults.
 33627 | D:13     | Noticed Snorg
 33632 | D:13     | Killed Snorg
 33804 | D:13     | Noticed Frances
 33808 | D:13     | Killed Frances
 34032 | D:13     | Noticed Nessos
 34034 | D:13     | Killed Nessos
 34270 | D:14     | Found a broken altar of Ashenzari.
 34620 | D:14     | Offered knowledge of Irradiate by Vehumet.
 35446 | D:15     | Entered Level 15 of the Dungeon
 35607 | D:15     | Slain by a freezing wraith

Illustrated notes

Levels and vault maps discovered:
D:1:      lightli_arrival_chessboard, layout_loops_ring
D:2:      minmay_alternating_diamond, layout_basic
D:3:      layout_basic
D:4:      layout_loops_cross, serial_bayou_pond_d, minmay_increasing_density,
          uniq_duvessa
D:5:      layout_basic, minmay_temple_entry_crystal_x, grunt_tough_drop
D:6:      layout_basic, xom_redecorated, nrook_campfire, st_stairs_1,
          nicolae_specific_store, solitary_fountain, nicolae_shop_self_help,
          uniq_menkaure, uniq_edmund, uniq_pikel
D:7:      layout_loops_corners, uniq_harold, uniq_crazy_yiuf_cottage
D:8:      layout_loops_cross, lair_entry_dummy
D:9:      due_megacathedral, layout_long_grid, uniq_erica
D:10:     layout_loops_ring, hangedman_weighted_door, kennysheep_generic_room_9
D:11:     layout_cave_pools
D:12:     layout_gridville, david_orc_3, abandoned_shop
D:13:     layout_roguey, david_vaults_1, fungi_pond_lemuel, uniq_frances,
          uniq_snorg, uniq_nessos
D:14:     layout_loops_cross, ashenzari_conservatory_becter,
          kennysheep_island_fort
D:15:     hangedman_depths_entry_try_elsewhere_first, layout_irregular_city,
          minmay_tree_intersection
Temple:   mainiacjoe_temple_trianglar_array
Lair:1:   layout_cave_shapes, st_stairs_5, columned_hall_lemuel,
          nicolae_lair_grazing_beasts [nicolae_sub_lair_graze_edge,
          nicolae_sub_lair_graze_edge, nicolae_sub_lair_graze_edge,
          nicolae_sub_lair_graze_edge]
Lair:2:   layout_roguey, dummy_snake_entry
Lair:3:   pond_and_an_island_with_a_cottage, layout_gridlike,
          palyth_hydra_swamp_entry
Lair:4:   layout_roguey, infiniplex_staircase_pool
Lair:5:   layout_misc_corridors, dpeg_slime_entry_corner, uniq_kirke
Lair:6:   hangedman_lair_in_review, layout_cave_shapes,
          hangedman_lair_caniforms_friends
Orc:1:    layout_caves, nicolae_volcano_entry_vermiform, elf_legates
Orc:2:    st_orc_town, layout_diamond_mine, david_defended_altar_orc,
          uniq_donald

Skill      XL: |  1  2  3  4  5  6  7  8  9 10 11 12 13 14 15 |
---------------+----------------------------------------------+-----
Fire Magic     | 3 4 5 6 7 8 9 10 12 13 14 15 16 17 | 17.5
Dodging        | 2 4 |  4.4
Spellcasting   | 3 5 6 9 10 12 14 15 | 15.9
Conjurations   | 2 4 6 7 9 11 | 11.9
Fighting       | 4 |  4.0
Poison Magic   | 1 |  1.0
Earth Magic    | 4 |  4.0
Stealth        | |  1.8
Translocations | |  0.4

Action                   |  1- 3 |  4- 6 |  7- 9 | 10-12 | 13-15 || total
-------------------------+-------+-------+-------+-------+-------++-------
Melee: Dagger            |    47 |       |       |       |       ||    47
       Whip              |     4 |     2 |       |       |       ||     6
       Mace              |       |    14 |    34 |    56 |    22 ||   126
       Punch             |       |       |     2 |     1 |     1 ||     4
       Great mace        |       |       |       |       |    22 ||    22
       Scimitar          |       |       |       |       |     1 ||     1
 Cast: Foxfire           |    16 |       |     3 |       |       ||    19
       Scorch            |    36 |    43 |   150 |   157 |   139 ||   525
       Magic Dart        |       |       |    14 |    12 |       ||    26
       Fireball          |       |       |     5 |   114 |   339 ||   458
       Sticky Flame      |       |       |       |    10 |     7 ||    17
       Flame Wave        |       |       |       |     6 |    18 ||    24
       Searing Ray       |       |       |       |     6 |     2 ||     8
       Poisonous Vapours |       |       |       |     5 |    24 ||    29
       Lightning Bolt    |       |       |       |       |     6 ||     6
       Iskenderun's Myst |       |       |       |       |     4 ||     4
       Starburst         |       |       |       |       |     6 ||     6
       Iron Shot         |       |       |       |       |    20 ||    20
       Ignition          |       |       |       |       |     1 ||     1
Evoke: Wand              |       |       |       |       |     1 ||     1
  Use: Scroll            |     2 |       |    13 |    12 |    16 ||    43
       Potion            |       |       |     1 |     2 |       ||     3
 Stab: Sleeping          |     1 |     3 |       |       |       ||     4
Armor: Robe              |    22 |     8 |    26 |   107 |   101 ||   264
Dodge: Dodged            |    39 |    12 |    82 |   129 |   135 ||   397
